 Dungeon Crawl Stone Soup version 0.21.0-22-g11d5b52 (webtiles) character file.

75 asishallab the Shield-Bearer (level 4, 0/35 HPs)
             Began as a Formicid Fighter on Jan 18, 2018.
             Slain by a leopard gecko (2 damage)
             ... on level 2 of the Dungeon.
             The game lasted 00:02:47 (1691 turns).

asishallab the Shield-Bearer (Formicid Fighter)     Turns: 1691, Time: 00:02:48

Health: 0/35       AC:  6    Str: 25    XL:     4   Next: 55%
Magic:  4/4        EV:  8    Int:  8    God:
Gold:   78         SH: 10    Dex: 11    Spells: 3/3 levels left

rFire    . . .     SeeInvis +   a - +0 war axe
rCold    . . .     Gourm    .   c - +0 shield
rNeg     . . .     Faith    .   b - +0 scale mail
rPois    .         Spirit   .   (helmet unavailable)
rElec    .         Reflect  .   (no cloak)
rCorr    .         Harm     .   (no gloves)
MR       .....                  (no boots)
Stlth    ..........             (no amulet)
HPRegen  0.11/turn              (no ring)
MPRegen  0.09/turn              (no ring)

@: mighty
A: permanent stasis, dig shafts and tunnels, four strong arms, antennae 3
a: Dig, Shaft Self


You were on level 2 of the Dungeon.
You were not hungry.

You visited 1 branch of the dungeon, and saw 2 of its levels.

You collected 78 gold pieces.

Inventory:

Hand Weapons
 a - a +0 war axe (weapon)
Missiles
 n - 52 stones (quivered)
Armour
 b - a +0 scale mail (worn)
 c - a +0 shield (worn)
Jewellery
 r - an uncursed ring of flight {unknown}
Scrolls
 e - 3 scrolls of identify {unknown}
 i - 2 scrolls of remove curse {unknown}
 j - a scroll of magic mapping {unknown}
 k - 2 scrolls of teleportation {unknown}
 l - a scroll of enchant weapon {unknown}
 o - a scroll of noise {unknown}
Potions
 d - a potion of might
 g - a potion of agility {unknown}
 h - 4 potions of invisibility {unknown}
 m - a potion of curing {unknown}
 p - a potion of flight {unknown}
Comestibles
 f - 6 rations
 q - 2 chunks of flesh


   Skills:
 - Level 3.2 Fighting
 * Level 3.8 Axes
 - Level 3.2 Armour
 + Level 4.5 Shields


You had 3 spell levels left.
You didn't know any spells.

Dungeon Overview and Level Annotations

Branches:
Dungeon (2/15)

Altars:
Fedhas
Trog


Innate Abilities, Weirdness & Mutations

You cannot be hasted, slowed, berserked, paralysed or teleported.
You can dig through walls and to a lower floor.
Your four strong arms can wield two-handed weapons with a shield.
You have a pair of large antennae on your head. (SInv)


Message History

You block the gnoll's attack.
You slice the gnoll!!
You kill the gnoll!
You block the gnoll's attack.
The gnoll hits you from afar with a spear.
You block the leopard gecko's attack.
The gnoll hits you from afar with a halberd.
* * * LOW HITPOINT WARNING * * *
You block the gnoll's attack. The gnoll barely misses you.
Your shield and scale mail prevent you from hitting the leopard gecko.
You block the leopard gecko's attack. The gnoll hits you but does no damage.
The gnoll hits you from afar with a halberd.
* * * LOW HITPOINT WARNING * * *
The gnoll barely misses you. You block the leopard gecko's attack.
Are you sure you want to shaft yourself?
You feel quite a bit more hungry. You block the gnoll's attack.
You block the leopard gecko's attack. The gnoll closely misses you. x2
You begin to dig a shaft.
You continue digging a shaft.
You block the gnoll's attack. The leopard gecko bites you.
You die...

#### ... ### #.. ##.##
#.. ##...## ###
###.g####.....## #..
#...gl@........# #.#
#.#.g####.....)######.#
..... ##...#.........
#...... ##..########.#
#.#.... ##.# #.# #
#.... ##+## #.# #..$.
##...## #.. .....
##.....## ###
##.......######.


You could see 3 gnolls and a leopard gecko.

Vanquished Creatures
  A gnoll (D:2)
  3 adders (D:2)
  2 worms (D:2)
  2 dart slugs (D:1)
  2 leopard geckos (D:1)
  2 bats
  2 giant cockroaches
  3 goblins
  3 hobgoblins
  2 jackals (D:2)
  A frilled lizard (D:2)
  2 kobolds (D:1)
  3 rats
28 creatures vanquished.

Notes
Turn   | Place    | Note
-------+----------+-------------------------------------------
     0 | D:1      | asishallab the Formicid Fighter began the quest for the Orb.
     0 | D:1      | Reached XP level 1. HP: 18/18 MP: 1/1
   117 | D:1      | Reached XP level 2. HP: 17/24 MP: 2/2
   394 | D:1      | Reached skill level 4 in Shields
   470 | D:1      | Reached XP level 3. HP: 28/29 MP: 3/3
  1113 | D:2      | Found a bloodstained altar of Trog.
  1308 | D:2      | Found a blossoming altar of Fedhas.
  1335 | D:2      | Reached XP level 4. HP: 30/35 MP: 4/4
  1691 | D:2      | Slain by a leopard gecko

Skill      XL: |  1  2  3 |
---------------+----------+-----
Shields        | 4 |  4.5
Axes           | 3 |  3.8
Fighting       | |  3.2
Armour         | |  3.2

Action                   |  1- 3 |  4- 6 || total
-------------------------+-------+-------++-------
Melee: War axe           |    81 |    20 ||   101
Throw: Stone             |     2 |       ||     2
 Abil: Shaft Self        |       |     1 ||     1
  Use: Potion            |       |     1 ||     1
  Eat: Chunk             |     1 |     2 ||     3
Armor: Scale mail        |    44 |     9 ||    53
Dodge: Dodged            |    18 |    15 ||    33
Block: Shield            |    39 |    29 ||    68
